AoeStats
← [NICE_ASS] BigMasi

Marketplace

506934375Analyzed
1v1 RM · 17d ago on Sep 15, 2026· 35m 38s· 2 players
Game mode
Random Map
Map size
Tiny (2 player)
Population
200
Speed
Normal
Resources
Standard
Victory
Conquest
Starting age
Dark Age
Ending age
Imperial Age
RankedLock teamsTeams togetherTeam positionsShared explorationLock speedFull tech treeHidden civsTurbo modeCheats
Victory
Defeat
🇨🇭 Wu · Switzerland
1211
+16
🇨🇴 Malay · Colombia
1210
-16
Aragorn
6:51 Loom
9:07 Feudal Age
8:53 Double-Bit Axe
20:51 Castle Age
18:53 Gold Mining
19:12 Fletching
19:44 Padded Archer Armor
19:33 Horse Collar
20:07 Crossbowman
21:41 Thumb Ring
24:19 Bodkin Arrow
24:42 Bow Saw
33:01 Forging
[NICE_ASS] BigMasi
8:05 Loom
10:26 Feudal Age
11:21 Double-Bit Axe
13:41 Horse Collar
20:00 Castle Age
19:46 Scale Mail Armor
19:57 Forging
23:14 Squires
26:08 Chain Mail Armor
27:30 Iron Casting
27:55 Bow Saw
30:18 Wheelbarrow
30:48 Gold Mining
30:50 Stone Mining
32:34 Fletching
35:54 Imperial Age
Connection lost

Rejoining the realm…

Still unreachable

The connection could not be restored.

Session expired

The server has moved on; the page needs a fresh start.